 Dungeon Crawl Stone Soup version 0.28-a0-381-g937acc2988 (webtiles) character file.

Game seed: 4010664715603672766

119 SkeletonJelly the Slasher (level 4, 0/63 HPs)
             Began as a Minotaur Chaos Knight on Sept 1, 2021.
             Was a Plaything of Xom.
             Slain by Robin the queen bee (shapeshifter) (7 damage)
             ... on level 3 of the Dungeon.
             The game lasted 00:04:17 (2098 turns).

SkeletonJelly the Slasher (Minotaur Chaos Knight)   Turns: 2098, Time: 00:04:17

Health: 0/63       AC: 22    Str: 18      XL:     4   Next: 74%
Magic:  3/3        EV:  2    Int:  8 (9)  God:    Xom [.*....]
Gold:   95         SH:  0    Dex:  8 (9)  Spells: 3/3 levels left

rFire   . . .      SeeInvis .   a - +0 falchion (chaos)
rCold   . . .      Faith    .   (no shield)
rNeg    + + +      Spirit   .   (armour currently unavailable)
rPois   +          Reflect  .   (helmet currently unavailable)
rElec   .          Harm     .   (cloak currently unavailable)
rCorr   .          Rampage  .   (gloves currently unavailable)
Will    .....      NoTele   +   (boots currently unavailable)
Stlth   +.........              j - amulet of regeneration
HPRegen 1.20/turn               (no ring)
MPRegen 0.08/turn               (no ring)

@: confused, lethally poisoned (0 -> 0), tree-form, ambrosia-drunk, unable to
read
A: stationary, stasis, torment immunity, boosted hp, (horns 2), (retaliatory
headbutt), (deformed body), deterioration 2, screaming 1, wild magic 1,
inability to read while threatened
a: Renounce Religion


You were on level 3 of the Dungeon.
You worshipped Xom.
You were a plaything of Xom.
You were a tree.
You visited 1 branch of the dungeon, and saw 3 of its levels.

You collected 95 gold pieces.

Inventory:

Hand Weapons
 a - a +0 falchion of chaos (weapon)
 e - a +3 short sword
Missiles
 g - 12 poisoned darts (quivered)
Armour
 b - a +2 leather armour (melded)
 q - a +0 plate armour
Jewellery
 j - an amulet of regeneration (around neck)
Wands
 n - a wand of flame (22)
Scrolls
 c - a scroll of teleportation {unknown}
 h - a scroll of identify {unknown}
 i - 2 scrolls of enchant armour {unknown}
 k - a scroll of immolation {unknown}
 o - 2 scrolls of amnesia {unknown}
 r - a scroll of magic mapping {unknown}
Potions
 f - a potion of lignification
 m - a potion of curing {unknown}
 p - a potion of might {unknown}


   Skills:
 + Level 5.2 Fighting
 + Level 5.5 Long Blades
 - Level 2.4 Armour
 - Level 1.1 Dodging


You had 3 spell levels left.
You didn't know any spells.
Your spell library was empty.

Dungeon Overview and Level Annotations

Branches:
Dungeon (3/15)

Altars:

Shops:
D:1 =:

Annotations:
D:3 Robin


Innate Abilities, Weirdness & Mutations

You are a tree.
Your roots penetrate the ground, keeping you stationary.
You cannot be teleported.
You are immune to unholy pain and torment.
Your maximum health is greatly increased.
Your equipment is partially melded.
((You have a pair of horns on your head.))
((You reflexively headbutt those who attack you in melee.))
((Armour fits poorly on your strangely shaped body.))
Your body often deteriorates upon taking damage.
You occasionally shout uncontrollably at your foes.
Your spells are a little harder to cast, but a little more powerful.
You sometimes lose the ability to read scrolls when taking damage.


Message History

You are too confused!
You are too confused!
You are too confused!
You are too confused!
You are too confused!
You are too confused!
You are too confused!
You are too confused!
You are too confused!
You are too confused!
You are too confused!
You are too confused!
You are too confused!
You are too confused!
You are too confused!
You are too confused!
You are too confused!
You are too confused!
You are too confused!
You are too confused!
You are too confused!
You are too confused!
You are too confused!
You are too confused!
You are too confused!
You are too confused!
You are too confused!
You are too confused!
You hit Robin.
Robin flickers and vanishes!
Deactivating autopickup; reactivate with Ctrl-A.
Your headbutt misses something. Something hits you.
You take 1 damage, and have 36/42 hp.
You hit something.
A goblin comes into view. It is wielding a +0 club.
Something hits you but does no damage.
You regained 2 hp, and now have 38/42 hp.
You bump into the rock wall.
Something hits you.
A goblin comes into view. It is wielding a +0 club.
You take 3 damage, and have 35/42 hp.
You bump into the rock wall.
You're too confused to move!
You feel less confused.
Something completely misses the goblin.
You hit something but do no damage.
Robin appears out of thin air!
Reactivating autopickup.
Xom thinks this is hilarious!
Robin is lightly wounded.
Robin the shapeshifter changes into a queen bee!
You barely miss Robin.
The goblin closely misses the goblin.
Robin barely misses you.
You barely miss Robin. Robin stings you!
You are poisoned.
Robin poisons you!
You take 12 damage, and have 27/42 hp.
MASSIVE DAMAGE!!
You hit Robin but do no damage.
You feel very sick.
The goblin closely misses the goblin.
Robin stings you.
You feel threatened and lose the ability to read scrolls!
You take 6 damage, and have 21/42 hp.
You hit Robin but do no damage.
Space warps horribly around Robin!
Robin is moderately wounded.
You feel very sick.
The goblin misses the goblin.
Robin stings you.
You take 5 damage, and have 16/42 hp.
You completely miss Robin.
Robin is moderately wounded.
You can read scrolls again.
You feel sick. Robin stings you.
You feel threatened and lose the ability to read scrolls!
* * * LOW HITPOINT WARNING * * *
Your body deteriorates!
You feel clumsy.
You take 6 damage, and have 10/42 hp.
It was a potion of lignification.
You turn into a tree.
Your +2 leather armour melds into your body.
Your roots penetrate the ground.
You can read scrolls again.
You feel sick.
The goblin no longer looks unusually strong.
Robin stings you but does no damage.
You now have 15/63 hp.
Throw: 12 darts (poison)
Press: ? - help, Q - select action, (/) - cycle Shift-Dir - straight line, f - Robin
Aim: Robin the queen bee shaped shifter (lightly wounded, 56% to hit)
Okay, then.
Unknown command.
It was a potion of magic.
Magic courses through your body.
You feel sick.
The goblin no longer looks unusually strong.
Robin stings you!
You feel threatened and lose the ability to read scrolls!
* * * LOW HITPOINT WARNING * * *
Your body deteriorates!
You feel dopey.
You take 12 damage, and have 3/63 hp.
It was a potion of ambrosia.
You are confused.
You feel invigorated.
You feel sick.
The goblin hits the goblin with a +0 dagger.
The goblin is killed!
Robin stings you!
You die...
Xom roars with laughter!

...........#
##########.# #
#####.##### #
#.........#
#.###.###.# #.###.#
#.# #.##..# #.#
#.##.## #.#####.###
# #.##.#
#.)♣yg)g... ##
#.##.####.#####....
.## #.........# ###
#.#
..####....####.#
#.. ...
..'..)..........
... ..
..####....####.#
#.#.. .##
#........>.###.#.
## #.###.###.. .).
# #. #.# #.#


You could see Robin the queen bee shaped shifter and 2 goblins.

Vanquished Creatures
  Jessica (D:3)
  A gnoll (D:1)
  2 adders (D:2)
  3 worms
  2 dart slugs
  7 endoplasms
  2 giant cockroaches (D:3)
  12 goblins
  7 hobgoblins
  2 kobolds (D:1)
  5 ball pythons
  2 bats (D:1)
  A giant cockroach zombie (D:3)
  3 rats
50 creatures vanquished.

Vanquished Creatures (collateral kills)
  A goblin (D:1)
1 creature vanquished.

Vanquished Creatures (others)
  2 plants (D:2)
2 creatures vanquished.

Grand Total: 53 creatures vanquished

Notes
Turn   | Place    | Note
-------+----------+-------------------------------------------
     0 | D:1      | SkeletonJelly the Minotaur Chaos Knight began the quest for
                  | the Orb.
     0 | D:1      | Reached XP level 1. HP: 19/19 MP: 0/0
   120 | D:1      | Reached XP level 2. HP: 4/27 MP: 1/1
   394 | D:1      | Found Wyhah's Jewellery Shoppe.
   454 | D:1      | XOM: cast spell 'Summon Ice Beast'
   461 | D:1      | XOM: silly message
   637 | D:1      | XOM: cloud trail
   663 | D:1      | Found Xaegi's Book Emporium.
   713 | D:1      | Found a faded altar of an unknown god.
   755 | D:1      | XOM: give mutations
   755 | D:1      | Gained mutation: You sometimes lose the ability to read
                  | scrolls when taking damage. [Xom's mischief]
   755 | D:1      | Lost mutation: You sometimes lose the ability to read
                  | scrolls when taking damage. [Xom's mischief]
   796 | D:1      | Reached XP level 3. HP: 31/33 MP: 2/2
  1184 | D:2      | XOM: 6-stop teleportation journey
  1187 | D:2      | XOM: potion effect (invisibility)
  1507 | D:2      | Reached skill level 5 in Long Blades
  1530 | D:2      | Reached XP level 4. HP: 39/41 MP: 3/3
  1575 | D:2      | XOM: summons 3 hostile demons
  1584 | D:2      | XOM: give mutations
  1584 | D:2      | Gained mutation: You are weak. (Str -2) [Xom's mischief]
  1584 | D:2      | Gained mutation: You sometimes lose the ability to read
                  | scrolls when taking damage. [Xom's mischief]
  1584 | D:2      | Gained mutation: Your body sometimes deteriorates upon
                  | taking damage. [Xom's mischief]
  1584 | D:2      | Lost mutation: You are weak. (Str -2) [Xom's mischief]
  1744 | D:3      | XOM: 2-stop teleportation journey
  1761 | D:3      | XOM: give mutations
  1761 | D:3      | Gained mutation: Your spells are a little harder to cast,
                  | but a little more powerful. [Xom's mischief]
  1761 | D:3      | Gained mutation: Armour fits poorly on your strangely
                  | shaped body. [Xom's mischief]
  1761 | D:3      | Lost mutation: Armour fits poorly on your strangely shaped
                  | body. [Xom's mischief]
  1835 | D:3      | Noticed Jessica
  1841 | D:3      | Killed Jessica
  1842 | D:3      | Reached skill level 5 in Fighting
  1927 | D:3      | XOM: give mutations
  1927 | D:3      | Gained mutation: Armour fits poorly on your strangely
                  | shaped body. [Xom's mischief]
  1927 | D:3      | Gained mutation: You occasionally shout uncontrollably at
                  | your foes. [Xom's mischief]
  1927 | D:3      | Gained mutation: Your body often deteriorates upon taking
                  | damage. [Xom's mischief]
  2079 | D:3      | Noticed Robin
  2084 | D:3      | XOM: confusion (+ monsters)
  2090 | D:3      | Noticed Robin
  2090 | D:3      | Noticed Robin
  2090 | D:3      | Robin the shapeshifter changed into Robin the queen bee
  2097 | D:3      | HP: 3/63 [Robin the queen bee (shapeshifter) (12)]
  2098 | D:3      | Slain by Robin the queen bee (shapeshifter)

Illustrated notes

Levels and vault maps discovered:
D:1:      lemuel_arrival_rhombus, layout_basic,
          shapermc_ecumenical_altar_pompeii, serial_shops,
          nicolae_shop_temple_entry_statues_fountains, shop
D:2:      layout_basic, guppyfry_early_lair_pool
D:3:      layout_loops_corners, ebering_ghost_reflecting_pool,
          chequers_serial_rivers_micro_e, kennysheep_generic_room_5,
          uniq_jessica, uniq_robin

Skill      XL: |  1  2  3  4 |
---------------+-------------+-----
Long Blades    | 4 5 |  5.5
Fighting       | 4 5 |  5.2
Armour         | |  2.4
Dodging        | |  1.1

Action                   |  1- 3 |  4- 6 || total
-------------------------+-------+-------++-------
Melee: Falchion          |    63 |    56 ||   119
       Headbutt          |     8 |     7 ||    15
  Use: Potion            |       |     3 ||     3
Armor: Leather armour    |    15 |     8 ||    23
       Skin              |       |     1 ||     1
Dodge: Dodged            |    37 |    26 ||    63

Table legend: (Time is in decaauts)
 A = Elapsed time spent in this place.
 B = Non-inter-level travel time spent in this place.
 C = Inter-level travel time spent in this place.
 D = Time resting spent in this place.
 E = Time spent auto-exploring this place.
 F = Levels seen in this place.
 G = Mean time per level.
                   A        B        C        D        E       F      G
               +--------+--------+--------+--------+--------+-----+--------+
         Total |   2104 |   2056 |     48 |      0 |   1733 |   3 |  701.3 |
       Dungeon |   2104 |   2056 |     48 |      0 |   1733 |   3 |  701.3 |
               +--------+--------+--------+--------+--------+-----+--------+

Top non-repeatable levels by time:
     D:1: 1039 daAuts
     D:2: 708 daAuts
     D:3: 355 daAuts
